 Dungeon Crawl Stone Soup version 0.29-a0-284-gf9362112df (webtiles) character file.

Game seed: 15347849787744791265

16786 quinnr the Zephyrmancer (level 12, -16/72 HPs)
             Began as a Tengu Air Elementalist on Mar 15, 2022.
             Was an Elder of Vehumet.
             Demolished by a cane toad (19 damage)
             ... on level 1 of the Lair of Beasts.
             The game lasted 00:39:52 (22034 turns).

quinnr the Zephyrmancer (Tengu Air Elementalist)   Turns: 22034, Time: 00:39:53

Health: -16/72     AC:  4    Str:  9    XL:     12   Next: 41%
Magic:  1/21       EV: 20    Int: 20    God:    Vehumet [****..]
Gold:   342        SH:  0    Dex: 15    Spells: 4/21 levels left

rFire   . . .      SeeInvis +   Q - staff of conjuration
rCold   + . .      Faith    +   (no shield)
rNeg    . . .      Spirit   .   a - +0 robe
rPois   .          Reflect  .   L - +1 hat {Stlth+}
rElec   .          Harm     .   F - +0 cloak
rCorr   .          Rampage  .   (no gloves)
Will    .....                   (boots unavailable)
Stlth   ++++......              y - amulet of faith
HPRegen 0.22/turn               m - ring of protection from cold
MPRegen 0.17/turn               i - ring of see invisible

@: flying quickly and evasively, quick
A: beak, talons 3, nimble flight
a: Renounce Religion


You were on level 1 of the Lair of Beasts.
You worshipped Vehumet.
Vehumet was greatly pleased with you.
You visited 2 branches of the dungeon, and saw 12 of its levels.
You also visited: Sewer and Bailey.

You collected 1100 gold pieces.
You spent 758 gold pieces at shops.

Inventory:

Hand Weapons
 s - a +3 dagger of draining
 H - the +5 hand axe "Kierrik" {antimagic, rElec rN+++ Str-4 Int+3}
   (You found it on level 7 of the Dungeon)

   It reduces the magical energy of the wielder, and disrupts the spells and
   magical abilities of those it strikes.
   Natural abilities and divine invocations are not affected.
   Str:       It affects your strength (-4).
   Int:       It affects your intelligence (+3).
   rElec:     It insulates you from electricity.
   rN:        It renders you almost immune to negative energy.
Missiles
 w - 10 atropa-tipped darts
Armour
 a - a +0 robe (worn)
 n - an orb of guile
 F - a +0 cloak (worn)
 L - a +1 hat of stealth (worn)
 P - a +3 leather armour of cold resistance
 V - an orb of guile
Magical Staves
 D - a staff of earth
 Q - a staff of conjuration (weapon)
 U - a staff of air
Jewellery
 f - an amulet of the acrobat
 i - a ring of see invisible (right hand)
 k - a ring of magical power
 l - a +6 ring of dexterity
 m - a ring of protection from cold (left hand)
 v - a ring of protection from fire
 y - an amulet of faith (around neck)
 B - a +4 ring of evasion
 G - a ring of ice
Wands
 r - a wand of acid (15)
 E - a wand of mindburst (12)
 I - a wand of charming (5)
 J - a wand of digging (5)
 M - a wand of flame (20)
 O - a wand of paralysis (4)
Scrolls
 h - 4 scrolls of amnesia
 p - 7 scrolls of teleportation {unknown}
 A - 3 scrolls of magic mapping
 K - a scroll of noise {unknown}
 R - 3 scrolls of fog
 T - a scroll of immolation
Potions
 b - 4 potions of magic
 c - 2 potions of attraction {unknown}
 d - 5 potions of brilliance {unknown}
 e - 3 potions of ambrosia {unknown}
 g - 2 potions of flight {unknown}
 j - a potion of invisibility
 o - 2 potions of curing
 q - a potion of haste
 t - 4 potions of lignification
 u - 4 potions of heal wounds
 x - a potion of might
 z - 6 potions of mutation
 C - a potion of degeneration
 S - a potion of resistance
Miscellaneous
 N - a lightning rod (1/4)


   Skills:
 - Level 7.0 Fighting
 + Level 4.6 Armour
 + Level 9.7 Dodging
 - Level 7.0 Stealth
 + Level 5.4 Spellcasting
 + Level 9.1 Conjurations
 - Level 14.0 Air Magic
 - Level 6.0 Evocations


You had 4 spell levels left.
You knew the following spells:

 Your Spells              Type           Power      Damage    Failure   Level
a - Shock                 Conj/Air       100%       1d9       1%          1
b - Airstrike             Air            28%        N/A       1%          4
c - Static Discharge      Conj/Air       67%        N/A       1%          2
d - Lightning Bolt        Conj/Air       33%        1d51      1%          5
e - Poisonous Vapours     Pois/Air       66%        N/A       1%          2
f - Dazzling Flash        Conj/Hex       70%        N/A       1%          3

Your spell library contained the following spells:

 Spells                   Type           Power      Damage    Failure   Level
 Corpse Rot               Necr/Air       66%        N/A       1%          2
 Conjure Flame            Conj/Fire      35%        6-21      1%          3
 Swiftness                Air            57%        N/A       1%          3
 Sticky Flame             Conj/Fire      35%        2d5       4%          4
 Ignite Poison            Fire/Tmut/Pois 5%         N/A       9%          3
 Animate Skeleton         Necr           10%        N/A       11%         1
 Pain                     Necr           20%        1d5       11%         1
 Summon Small Mammal      Summ           20%        N/A       11%         1
 Sublimation of Blood     Necr           5%         N/A       17%         2
 Call Canine Familiar     Summ           5%         N/A       32%         3
 Gell's Gravitas          Tloc           5%         N/A       32%         3
 Lesser Beckoning         Tloc           5%         N/A       32%         3
 Summon Guardian Golem    Hex/Summ       5%         N/A       32%         3
 Teleport Other           Tloc           5%         N/A       32%         3
 Vampiric Draining        Necr           5%         2d6       32%         3
 Dispel Undead            Necr           5%         3d7       73%         4
 Petrify                  Tmut/Erth      5%         N/A       73%         4
 Irradiate                Conj/Tmut      17%        3d19      13%         5
 Maxwell's Capacitive Co  Air            28%        ∞         50%         8
 Death Channel            Necr           2%         N/A       100%        6


Dungeon Overview and Level Annotations

Branches:
Dungeon (11/15)            Temple (0/1) D:7            Lair (1/6) D:11
  Sewer (visited)          Bailey (visited)
    Orc: D:9-12

Altars:
Cheibriados
Dithmenos
Fedhas
Gozag
Hepliaklqana
Kikubaaqudgha
Ru
Trog
Uskayaw
Vehumet
Wu Jian
Xom
Zin

Shops:
D:1 (   D:6 *   D:7 (   D:8 [

Annotations:
D:2 1 runed translucent door, Crazy Yiuf
D:6 1 runed translucent door
D:10 exclusion: 2 ice statues
Lair:1 exclusion: oklob plant


Innate Abilities, Weirdness & Mutations

You have a beak for a mouth.
You have claws for feet.
Your magical nature lets you fly swiftly and evasively.


Message History

The yak is severely wounded.
You are struck by an arc of lightning.
The yak is struck by an arc of lightning.
The yak is severely wounded.
The lightning grounds out.
The yak gores you! x2
A yak comes into view.
Unknown command.
Unknown command.
Casting: Static Discharge (safe; 1% risk of failure)
Confirm with . or Enter, or press ? or * to list all spells.
You feel a surge of power!
The yak is struck by an arc of lightning.
The yak is moderately wounded.
The yak is struck by an arc of lightning!
You kill the yak!
Vehumet accepts your kill.
You feel your power returning.
The yak is struck by an arc of lightning.
The yak is heavily wounded.
You are struck by an arc of lightning.
The lightning grounds out.
The yak bellows!
The yak closely misses you.
Unknown command.
The cane toad attacks as you move away! The cane toad completely misses you.
Casting: Static Discharge (safe; 1% risk of failure)
Confirm with . or Enter, or press ? or * to list all spells.
You feel a surge of power!
The cane toad is struck by an arc of lightning!
The cane toad is lightly wounded.
The yak is struck by an arc of lightning!
The yak is severely wounded.
The cane toad is struck by an arc of lightning!
The cane toad is moderately wounded.
The lightning grounds out.
The cane toad closely misses you. The cane toad stings you!!
* * * LOW HITPOINT WARNING * * *
Unknown command.
Unknown command.
The cane toad attacks as you move away! The cane toad stings you!!
You die...

......... ........# ........#
..........Y# +# # .........YY#
#.♣.. .........Y# #....#
.......Y.##...... # .
###.#.####F....... # ..
#.......#@........ # ...
#......#....#..... #
....#............#.♣.# #
..........#...#### ..# #..###
..........#...# ....###...#.
...#......>.♣# #..>...##♣.>.#
......##.##...## ..... #....#.
#.........#....# #...# ##...##
#..........#...###.♣.###...#..


You could see a cane toad.

Vanquished Creatures
  Gastronok (D:10)
  A boulder beetle (D:11)
  A centaur warrior (D:11)
  3 two-headed ogres
  The ghost of sirJeffrey23 the Insei, a novice DsMo (D:6)
  Joseph (D:10)
  A black mamba (Lair:1)
  A komodo dragon (D:11)
  Psyche (D:10)
  A freezing wraith (D:11)
  An unseen horror (D:11)
  3 ice devils (D:11)
  A troll (D:11)
  A shadow (D:11)
  12 yaks
  4 wyverns
  2 basilisks
  3 steam dragons
  Menkaure (D:4)
  4 water moccasins
  5 orc warriors
  2 sky beasts
  3 ice beasts (D:7)
  4 wolves (Lair:1)
  A black bear (D:8)
  5 centaurs
  11 kobold brigands
  2 necrophages
  21 scorpions
  14 wights
  10 killer bees
  4 howler monkeys
  A hound (D:5)
  3 orc priests
  3 jellies
  A gnoll shaman (D:9)
  4 iguanas
  9 orc wizards
  Natasha (D:3)
  Ijyb (D:3)
  3 gnolls (D:9)
  18 adders
  2 river rats (Sewer)
  8 white imps
  7 worms
  3 dart slugs
  23 orcs
  7 ball pythons
  6 endoplasms
  7 giant cockroaches
  11 goblins
  10 hobgoblins
  6 jackals
  5 quokkas
  12 bats
  3 frilled lizards
  23 kobolds
  9 rats
  2 butterflies (D:6)
314 creatures vanquished.

Vanquished Creatures (others)
  5 fungi
  19 plants
24 creatures vanquished.

Grand Total: 338 creatures vanquished

Notes
Turn   | Place    | Note
-------+----------+-------------------------------------------
     0 | D:1      | quinnr the Tengu Air Elementalist began the quest for the
                  | Orb.
     0 | D:1      | Reached XP level 1. HP: 10/10 MP: 4/4
   404 | D:1      | Reached XP level 2. HP: 15/15 MP: 4/6
   517 | D:1      | Found a faded altar of an unknown god.
   799 | D:1      | Reached skill level 5 in Air Magic
   934 | D:1      | Found Laigopis's Antique Weapon Shoppe.
  1753 | D:2      | Reached XP level 3. HP: 19/19 MP: 4/7
  2038 | D:2      | Found a glowing silver altar of Zin.
  2187 | D:2      | Reached skill level 6 in Air Magic
  2443 | D:2      | Found a runed translucent door.
  2444 | D:2      | Noticed Crazy Yiuf
  2631 | D:2      | Reached XP level 4. HP: 23/24 MP: 8/8
  3373 | D:3      | Found an ornate altar of the Wu Jian Council.
  3400 | D:3      | Noticed a sky beast
  3432 | D:2      | Learned a level 4 spell: Airstrike
  3631 | D:3      | Reached skill level 1 in Fighting
  3710 | D:3      | Gained mutation: Your magical nature lets you fly swiftly
                  | and evasively. [Tengu growth]
  3710 | D:3      | Reached XP level 5. HP: 29/29 MP: 8/9
  3845 | D:3      | Killed a sky beast
  4009 | D:3      | Found a snail-covered altar of Cheibriados.
  4077 | D:3      | Noticed Natasha
  4149 | D:3      | Found an opulent altar of Gozag.
  4154 | D:3      | Killed Natasha
  4155 | D:3      | Reached XP level 6. HP: 27/35 MP: 10/10
  4251 | D:3      | Noticed Ijyb
  4265 | D:3      | HP: 2/35 [something (9)]
  4269 | D:3      | Killed Ijyb
  4747 | D:4      | Noticed Menkaure
  4915 | D:4      | Learned a level 2 spell: Static Discharge
  4951 | D:4      | Found an ancient bone altar of Kikubaaqudgha.
  4994 | D:4      | Reached skill level 7 in Air Magic
  5182 | D:4      | Killed Menkaure
  5183 | D:4      | Reached XP level 7. HP: 41/41 MP: 11/11
  5798 | D:4      | Reached skill level 5 in Dodging
  5798 | D:4      | Reached skill level 8 in Air Magic
  6153 | D:4      | Found a radiant altar of Vehumet.
  6249 | D:4      | Became a worshipper of Vehumet
  6487 | D:5      | Entered Level 5 of the Dungeon
  6513 | D:5      | Reached XP level 8. HP: 48/48 MP: 11/12
  6597 | D:5      | Found a glowing drain.
  6618 | Sewer    | Entered a sewer
  7666 | Sewer    | Reached skill level 9 in Air Magic
  7781 | D:5      | Reached * piety under Vehumet
  7781 | D:5      | Offered knowledge of Foxfire by Vehumet.
  7972 | D:5      | Reached skill level 5 in Fighting
  8300 | D:5      | Found a hide-covered altar of Uskayaw.
  8343 | D:5      | Found a hazy altar of Hepliaklqana.
  9043 | D:6      | Found a runed translucent door.
  9045 | D:6      | Found a runed translucent door.
  9114 | D:6      | Found Kosysyr Owaa's General Store.
  9134 | D:6      | Noticed sirJeffrey23's ghost (novice DsMo)
  9137 | D:6      | Found a runed translucent door.
  9458 | D:7      | Found a staircase to the Ecumenical Temple.
  9504 | D:7      | Found a glowing silver altar of Zin.
  9593 | D:7      | Reached XP level 9. HP: 55/55 MP: 12/13
  9669 | D:7      | Reached skill level 10 in Air Magic
 10276 | D:7      | Learned a level 5 spell: Lightning Bolt
 10500 | D:7      | Found Afiry's Antique Weapon Shop.
 10634 | D:7      | Reached skill level 11 in Air Magic
 10639 | D:7      | Offered knowledge of Poisonous Vapours by Vehumet.
 10703 | D:7      | Found a sacrificial altar of Ru.
 10721 | D:7      | Found a shimmering altar of Xom.
 10827 | D:7      | Reached ** piety under Vehumet
 11614 | D:7      | Identified the +5 hand axe "Kierrik" {antimagic, rElec
                  | rN+++ Str-4 Int+3}
 11821 | D:8      | Reached skill level 5 in Stealth
 11821 | D:8      | Reached skill level 5 in Conjurations
 11821 | D:8      | Reached XP level 10. HP: 60/60 MP: 14/14
 11828 | D:8      | Learned a level 2 spell: Poisonous Vapours
 11863 | D:8      | Reached skill level 12 in Air Magic
 11972 | D:8      | Found a flagged portal.
 11977 | Bailey   | Entered a bailey
 12684 | Bailey   | Reached skill level 13 in Air Magic
 12805 | Bailey   | Found a bloodstained altar of Trog.
 13026 | D:8      | Noticed a moth of wrath
 13180 | D:8      | Found a shadowy altar of Dithmenos.
 13349 | D:8      | Offered knowledge of Frozen Ramparts by Vehumet.
 13419 | D:8      | Found Cilippom's Armour Emporium.
 13462 | D:8      | Reached skill level 14 in Air Magic
 13473 | D:8      | Noticed a two-headed ogre
 13745 | D:8      | Reached *** piety under Vehumet
 13746 | D:8      | Reached skill level 1 in Evocations
 13825 | D:8      | Found a bloodstained altar of Trog.
 13925 | D:8      | Killed a two-headed ogre
 14513 | D:9      | Reached XP level 11. HP: 59/66 MP: 16/16
 14643 | D:9      | Noticed a two-headed ogre
 14658 | D:9      | Killed a two-headed ogre
 15474 | D:9      | Found a blossoming altar of Fedhas.
 15711 | D:9      | Offered knowledge of Flame Wave by Vehumet.
 16228 | D:10     | Entered Level 10 of the Dungeon
 16228 | D:10     | Noticed Psyche
 16474 | D:10     | Killed Psyche
 16561 | D:10     | Noticed Gastronok
 16680 | D:10     | Killed Gastronok
 16681 | D:10     | Reached skill level 5 in Evocations
 17328 | D:10     | Noticed Joseph
 17666 | D:10     | Killed Joseph
 18997 | D:11     | Noticed a centaur warrior
 19014 | D:11     | HP: 6/67 [centaur warrior/arrow (14)]
 19015 | D:11     | Killed a centaur warrior
 19016 | D:11     | Reached skill level 1 in Armour
 19505 | D:11     | Noticed a boulder beetle
 19518 | D:11     | Killed a boulder beetle
 19782 | D:11     | Reached XP level 12. HP: 37/72 MP: 1/19
 20046 | D:6      | Bought a scroll of acquirement for 572 gold pieces
 20046 | D:6      | Acquired a staff of conjuration
 20101 | D:6      | Killed sirJeffrey23's ghost
 20235 | D:6      | Reached **** piety under Vehumet
 20434 | D:6      | Bought a potion of resistance for 110 gold pieces
 20434 | D:6      | Bought a scroll of amnesia for 38 gold pieces
 20434 | D:6      | Bought a scroll of immolation for 38 gold pieces
 20883 | D:11     | Reached skill level 5 in Spellcasting
 21088 | D:11     | Found the +8 frozen axe "Frostbite" {freezing cloud, *Noise
                  | Fly rC+}
 21216 | D:11     | Noticed a two-headed ogre
 21235 | D:11     | Killed a two-headed ogre
 21235 | D:11     | Offered knowledge of Dazzling Flash by Vehumet.
 21278 | D:11     | Learned a level 3 spell: Dazzling Flash
 21433 | D:11     | Found a staircase to the Lair.
 21542 | Lair:1   | Entered Level 1 of the Lair of Beasts
 22032 | Lair:1   | HP: 2/72 [cane toad (24)]
 22034 | Lair:1   | Demolished by a cane toad

Illustrated notes

Levels and vault maps discovered:
D:1:      dpeg_arrival_morbid_curiosity, layout_basic, serial_shops,
          nicolae_shop_waterfront, basic_ecumenical_altar, roderic_filled_cross
D:2:      layout_basic, basic_altar, uniq_crazy_yiuf_cottage
D:3:      layout_basic, mainiacjoe_overflow_boulevard, grunt_gozag_statues,
          mainiacjoe_overflow_alcove_1, uniq_natasha, uniq_ijyb
D:4:      layout_basic, mainiacjoe_overflow_chevrons,
          mainiacjoe_overflow_alcove_4, nicolae_underground_beach, uniq_menkaure
D:5:      layout_gridville, eat_drink_and_be_merry_uskayaw, old_standard_altar,
          gup_sewer_entry_glass, minmay_crossroads
D:6:      lemuel_insect_pit, layout_rooms, serial_shops, shop,
          hellmonk_ghost_happy_afterlife
D:7:      minmay_octagon_keep, layout_basic, mainiacjoe_overflow_catwalk,
          old_standard_altar, lemuel_round_altar,
          minmay_temple_entry_junction_2, serial_shops, nicolae_shop_stone,
          minmay_strange_pillars
D:8:      layout_cave_pools, nicolae_dithmenos_the_darkroom, tgw_trog,
          enter_bailey_3, serial_shops, nicolae_shop_crystal,
          minmay_misc_feat_pillars
D:9:      layout_stronghold, pf_just_have_faith
D:10:     old_forge, layout_loops_ring, david_greed, uniq_joseph,
          uniq_gastronok, uniq_psyche
D:11:     layout_basic, david_lair_shrubbed, hellmonk_guarded_unrand_frostbite
Lair:1:   minmay_lair_oklob_chamber, layout_chaotic_city, grunt_megastairs_5

Skill      XL: |  1  2  3  4  5  6  7  8  9 10 11 12 |
---------------+-------------------------------------+-----
Air Magic      | 5 6 7 8 9 11 14 | 14.0
Fighting       | 1 2 3 4 5 6 7 |  7.0
Dodging        | 3 4 5 6 8 9 |  9.7
Stealth        | 3 5 7 |  7.0
Conjurations   | 5 6 8 9 |  9.1
Spellcasting   | 3 4 5 |  5.4
Evocations     | 3 6 |  6.0
Armour         | 2 4 |  4.6

Action                   |  1- 3 |  4- 6 |  7- 9 | 10-12 || total
-------------------------+-------+-------+-------+-------++-------
Melee: Unarmed           |     2 |     1 |       |       ||     3
       Kick              |     2 |       |       |    15 ||    17
       Peck              |     2 |       |       |     6 ||     8
       Dagger            |       |       |       |    30 ||    30
       Punch             |       |       |       |     2 ||     2
       Staff             |       |       |       |     1 ||     1
 Cast: Shock             |    84 |    99 |   332 |   270 ||   785
       Airstrike         |       |     8 |    30 |    64 ||   102
       Static Discharge  |       |       |    16 |    54 ||    70
       Poisonous Vapours |       |       |       |    48 ||    48
       Lightning Bolt    |       |       |       |    33 ||    33
Evoke: Wand              |       |       |       |    11 ||    11
       Lightning rod     |       |       |       |     4 ||     4
  Use: Scroll            |       |       |     9 |     4 ||    13
Armor: Robe              |     3 |     3 |     5 |    19 ||    30
Dodge: Dodged            |    17 |    12 |    56 |   183 ||   268

Table legend: (Time is in decaauts)
 A = Elapsed time spent in this place.
 B = Non-inter-level travel time spent in this place.
 C = Inter-level travel time spent in this place.
 D = Time resting spent in this place.
 E = Time spent auto-exploring this place.
 F = Levels seen in this place.
 G = Mean time per level.
                   A        B        C        D        E       F      G
               +--------+--------+--------+--------+--------+-----+--------+
         Total |  21396 |  20293 |   1103 |   4115 |  13563 |  14 | 1528.3 |
       Dungeon |  19062 |  17969 |   1093 |   3597 |  12127 |  11 | 1732.9 |
          Lair |    359 |    349 |     10 |      0 |    294 |   1 |  359.0 |
         Sewer |   1103 |   1103 |      0 |    112 |    840 |   1 | 1103.0 |
        Bailey |    872 |    872 |      0 |    406 |    300 |   1 |  872.0 |
               +--------+--------+--------+--------+--------+-----+--------+

Top non-repeatable levels by time:
    D:10: 2871 daAuts
     D:7: 2307 daAuts
     D:9: 2156 daAuts
     D:8: 1876 daAuts
     D:1: 1686 daAuts
     D:2: 1648 daAuts
     D:4: 1599 daAuts
     D:3: 1481 daAuts
    D:11: 1280 daAuts
     D:5: 1257 daAuts
   Sewer: 1103 daAuts
     D:6: 897 daAuts
  Bailey: 872 daAuts
  Lair:1: 359 daAuts
